Map: Newkirk Precinct TE (Void)

Players

VampyWorm

  • Race: Protoss Protoss
  • League: Diamond
  • Spawn Location: 5:00

Torkk - Winner!

  • Race: Protoss Protoss
  • League: Diamond
  • Spawn Location: 7:00

VOD

Have the link to the VOD?

Description

Time

  • Played on: Jan. 29, 2017, 2:24 a.m.
  • Length: 5:12
Show
View Real Time Build Order
Export as new Build Order

VampyWorm Protoss 

Build Orders:  

Get SALT Encoding   

  12  0:03  Probe (Chrono Boost)  
  13  0:13  Probe (Chrono Boost)  
  14  0:18  Pylon  
  14  0:24  Probe (Chrono Boost)  
  15  0:37  Probe (Chrono Boost)  
  15  0:38  Gateway  
  16  0:43  Assimilator  
  16  0:47  Probe (Chrono Boost)  
  17  0:58  Probe (Chrono Boost)  
  17  1:03  Gateway  
  18  1:08  Assimilator  
  18  1:12  Probe (Chrono Boost)  
  19  1:23  Probe (Chrono Boost)  
  20  1:28  Cybernetics Core  
  20  1:34  Probe (Chrono Boost)  
  21  1:41  Pylon  
  21  1:49  Probe (Chrono Boost)  
  22  1:59  Probe (Chrono Boost)  
  23  2:04  Stalker  
  23  2:05  Stalker  
  27  2:08  Warp Gate  
  27  2:32  Pylon, Stalker, Sentry  
  32  2:53  Robotics Facility, Mothership Core (Chrono Boost)  
  33  3:13  Probe (Chrono Boost)  
  33  3:31  Nexus  
  33  3:34  Probe (Chrono Boost)  
  33  3:38  Observer  
  34  3:46  Probe (Chrono Boost)  
  35  3:50  Twilight Council  
  35  3:53  Pylon  
  35  3:56  Observer  
  35  3:58  Probe (Chrono Boost)  
  38  4:10  Probe (Chrono Boost)  
  38  4:12  Stalker  
  38  4:15  Stalker  
  42  4:22  Probe (Chrono Boost)  
  43  4:36  Probe (Chrono Boost)  
  40  4:43  Stalker  
  38  4:46  Stalker  
Show
View Real Time Build Order
Export as new Build Order

Torkk Protoss - Winner!

Build Orders:  

Get SALT Encoding   

  12  0:00  Probe (Chrono Boost)  
  13  0:11  Probe (Chrono Boost)  
  14  0:18  Pylon  
  14  0:22  Probe (Chrono Boost)  
  15  0:36  Probe (Chrono Boost)  
  15  0:37  Gateway  
  16  0:47  Probe (Chrono Boost)  
  16  0:48  Assimilator  
  17  0:57  Probe (Chrono Boost)  
  17  0:58  Assimilator  
  18  1:08  Probe (Chrono Boost)  
  18  1:11  Gateway  
  20  1:18  Probe (Chrono Boost)  
  20  1:24  Cybernetics Core  
  20  1:29  Probe (Chrono Boost)  
  21  1:32  Pylon  
  21  1:39  Probe (Chrono Boost)  
  22  1:46  Warp Gate  
  22  1:50  Probe (Chrono Boost)  
  23  2:00  Stalker x2  
  27  2:13  Mothership Core (Chrono Boost)  
  29  2:22  Pylon  
  29  2:37  Stalker  
  29  2:40  Stalker  
  33  2:55  Probe (Chrono Boost)  
  34  3:02  Nexus  
  34  3:15  Probe (Chrono Boost)  
  34  3:17  Gateway  
  36  3:39  Pylon  
  35  3:49  Stalker x2  
  39  4:01  Robotics Facility  
  39  4:06  Probe (Chrono Boost)  
  40  4:13  Stalker x2  
  45  4:18  Probe (Chrono Boost)  
  45  4:20  Stalker  
  47  4:26  Probe (Chrono Boost)  
  47  4:30  Probe (Chrono Boost)  
  49  4:36  Probe (Chrono Boost)  
  48  4:42  Probe (Chrono Boost)  
  45  4:46  Stalker x2  
  45  4:47  Observer  
  45  4:48  Probe (Chrono Boost)  
  51  4:55  Probe (Chrono Boost)  
  51  4:58  Probe (Chrono Boost)  
Tags
 
Add a new tag
Caveats
  • Supply blocks, unpowered buildings, or Contaminate may cause inaccurate times.
  • Supply counts are checked every 10 seconds.